TOP OF THE 1ST |
Cut Off Crawdads batting - Pitching for Laredo Hawks : LHP Jeff Vázquez
|
Pitching: LHP Jeff Vázquez
|
|
Batting: RHB Alfonso Soto
|
0-0: Ball 1-0: Ground out 5-3 (Groundball, 5, EV 83.8 MPH)
|
Batting: LHB Huub Oerlemans
|
0-0: Called Strike 0-1: Called Strike 0-2: Fly out, F7 (Line Drive, 78M, EV 96.2 MPH)
|
Batting: SHB Yuan Mo
|
0-0: Ball 1-0: Foul Ball, location: 2F 1-1: Ball 2-1: Ball 3-1: Base on Balls
|
Batting: RHB Umberto Bartelen
|
0-0: Swinging Strike 0-1: Ball 1-1: Ball 2-1: Ball 3-1: Fielders Choice at 2nd, 6-4 (Groundball, 6, EV 80.6 MPH)
|
Top of the 1st over - 0 runs, 0 hits, 0 errors, 1 left on base; Cut Off 0 - Laredo 0 |
BOTTOM OF THE 1ST |
Laredo Hawks batting - Pitching for Cut Off Crawdads : LHP Sylvain Maire
|
Pitching: LHP Sylvain Maire
|
|
Batting: SHB Monty Crawford
|
0-0: Called Strike 0-1: Foul Ball, location: 2F 0-2: Strikes out swinging
|
Batting: RHB Chris Gambill
|
0-0: Called Strike 0-1: Ball 1-1: Ball 2-1: SINGLE (Flyball, 4D, EV 81.9 MPH)
|
Batting: RHB Darren Overton
|
0-0: Ball 1-0: Ball 2-0: Ball 3-0: Foul Ball, location: 2F 3-1: Foul Ball, location: 2F 3-2: SINGLE (Groundball, P, EV 78.1 MPH) (infield hit) Chris Gambill to second
|
Batting: RHB Jim Willis
|
0-0: Called Strike 0-1: Foul Ball, location: 2F 0-2: Grounds into double play, 6-4-3 (Groundball, 6S, EV 85.6 MPH)
|
Bottom of the 1st over - 0 runs, 2 hits, 0 errors, 1 left on base; Cut Off 0 - Laredo 0 |
TOP OF THE 2ND |
Cut Off Crawdads batting - Pitching for Laredo Hawks : LHP Jeff Vázquez
|
Batting: LHB Keng-chi Zhou
|
0-0: Ball 1-0: Ball 2-0: Called Strike 2-1: Foul Ball, location: 2F 2-2: SINGLE (Line Drive, 8RS, EV 106.2 MPH)
|
Batting: LHB Joseph Vowles
|
0-0: Called Strike 0-1: Ball 1-1: Ball 2-1: Ball 3-1: Swinging Strike 3-2: Foul Ball, location: 2F 3-2: Strikes out swinging
|
Batting: LHB Christian Horner
|
0-0: Ground out 6-3 (Groundball, 6M, EV 99.4 MPH) Keng-chi Zhou to second
|
Batting: RHB Pyeong-chu Chong
|
0-0: Swinging Strike 0-1: Fly out, F8 (Flyball, 8LXD, EV 99.4 MPH)
|
Top of the 2nd over - 0 runs, 1 hit, 0 errors, 1 left on base; Cut Off 0 - Laredo 0 |
BOTTOM OF THE 2ND |
Laredo Hawks batting - Pitching for Cut Off Crawdads : LHP Sylvain Maire
|
Batting: RHB Frans Teijer
|
0-0: Ball 1-0: Ground out 4-3 (Groundball, 4S, EV 81.9 MPH)
|
Batting: RHB Denny McBride
|
0-0: Ball 1-0: Ball 2-0: Foul Ball, location: 2F 2-1: Foul Ball, location: 2F 2-2: Strikes out swinging
|
Batting: RHB Mibre Chipley
|
0-0: Called Strike 0-1: Ball 1-1: SINGLE (Groundball, 6MD, EV 108.1 MPH)
|
Batting: RHB António López
|
0-0: Ball 1-0: Foul Ball, location: 2F 1-1: Fly out, F6 (Flyball, 6D, EV 88.1 MPH)
|
Bottom of the 2nd over - 0 runs, 1 hit, 0 errors, 1 left on base; Cut Off 0 - Laredo 0 |
TOP OF THE 3RD |
Cut Off Crawdads batting - Pitching for Laredo Hawks : LHP Jeff Vázquez
|
Batting: RHB David Johnston
|
0-0: Foul Ball, location: 2F 0-1: Ball 1-1: Ball 2-1: Ball 3-1: Swinging Strike 3-2: Strikes out looking
|
Batting: RHB Alfonso Soto
|
0-0: Ball 1-0: Foul Ball, location: 2F SINGLE, rundown, out at 1st!
|
Batting: LHB Huub Oerlemans
|
0-0: Fly out, F8 (Flyball, 89M, EV 86.9 MPH)
|
Top of the 3rd over - 0 runs, 1 hit, 0 errors, 0 left on base; Cut Off 0 - Laredo 0 |
BOTTOM OF THE 3RD |
Laredo Hawks batting - Pitching for Cut Off Crawdads : LHP Sylvain Maire
|
Batting: RHB Yoshitora Okazaki
|
0-0: Called Strike 0-1: Foul Ball, location: 2F 0-2: Ball 1-2: Ball 2-2: Ball 3-2: Ground out 6-3 (Groundball, 6, EV 98.8 MPH)
|
Batting: SHB Monty Crawford
|
0-0: Called Strike 0-1: Fly out, F7 (Flyball, 7D, EV 93.1 MPH)
|
Batting: RHB Chris Gambill
|
0-0: Ball 1-0: Ball 2-0: Ball 3-0: Base on Balls
|
Batting: RHB Darren Overton
|
0-0: Called Strike 0-1: Called Strike Chris Gambill steals 2nd base 0-2: Ball 1-2: Foul Ball, location: 2F 1-2: Ball 2-2: Ground out 3-1 (Groundball, 34S, EV 69.4 MPH)
|
Bottom of the 3rd over - 0 runs, 0 hits, 0 errors, 1 left on base; Cut Off 0 - Laredo 0 |
TOP OF THE 4TH |
Cut Off Crawdads batting - Pitching for Laredo Hawks : LHP Jeff Vázquez
|
Batting: SHB Yuan Mo
|
0-0: Ball 1-0: Ball 2-0: Called Strike 2-1: Ball 3-1: Fly out, F8 (Flyball, 8LM, EV 79.4 MPH)
|
Batting: RHB Umberto Bartelen
|
0-0: Ball 1-0: SINGLE (Flyball, 56D, EV 93.8 MPH)
|
Batting: LHB Keng-chi Zhou
|
0-0: Called Strike 0-1: Ball 1-1: Ball 2-1: Ball 3-1: Called Strike 3-2: Strikes out looking
|
Batting: LHB Joseph Vowles
|
0-0: Called Strike 0-1: Ball 1-1: Ball 2-1: Fly out, F8 (Flyball, 8LM, EV 93.8 MPH)
|
Top of the 4th over - 0 runs, 1 hit, 0 errors, 1 left on base; Cut Off 0 - Laredo 0 |
BOTTOM OF THE 4TH |
Laredo Hawks batting - Pitching for Cut Off Crawdads : LHP Sylvain Maire
|
Batting: RHB Jim Willis
|
0-0: Ball 1-0: Called Strike 1-1: Swinging Strike 1-2: Ground out 5-3 (Groundball, 56S, EV 81.2 MPH)
|
Batting: RHB Frans Teijer
|
0-0: Ball 1-0: Swinging Strike 1-1: Ground out 6-3 (Groundball, 6, EV 108.8 MPH)
|
Batting: RHB Denny McBride
|
0-0: Ball 1-0: Fly out, F9 (Flyball, 9LM, EV 81.2 MPH)
|
Bottom of the 4th over - 0 runs, 0 hits, 0 errors, 0 left on base; Cut Off 0 - Laredo 0 |
TOP OF THE 5TH |
Cut Off Crawdads batting - Pitching for Laredo Hawks : LHP Jeff Vázquez
|
Batting: LHB Christian Horner
|
0-0: Ball 1-0: Swinging Strike 1-1: Foul Ball, location: 2F 1-2: Ground out U3 (Groundball, 34, EV 80.6 MPH)
|
Batting: RHB Pyeong-chu Chong
|
0-0: Ball 1-0: Called Strike 1-1: Ball 2-1: Swinging Strike 2-2: Ball 3-2: Ground out 6-3 (Groundball, 6, EV 88.8 MPH)
|
Batting: RHB David Johnston
|
0-0: Fly out, F9 (Flyball, 9LD, EV 78.8 MPH)
|
Top of the 5th over - 0 runs, 0 hits, 0 errors, 0 left on base; Cut Off 0 - Laredo 0 |
BOTTOM OF THE 5TH |
Laredo Hawks batting - Pitching for Cut Off Crawdads : LHP Sylvain Maire
|
Batting: RHB Mibre Chipley
|
0-0: Ball 1-0: Ball 2-0: Ball 3-0: Base on Balls
|
Batting: RHB António López
|
0-0: Foul Ball, location: 2F 0-1: Swinging Strike 0-2: Fly out, F8 (Line Drive, 8LM, EV 93.1 MPH)
|
Batting: RHB Yoshitora Okazaki
|
0-0: Swinging Strike 0-1: Ball 1-1: Called Strike 1-2: Strikes out swinging
|
Batting: SHB Monty Crawford
|
0-0: Called Strike 0-1: Ball 1-1: Ball 2-1: Ball 3-1: Foul Ball, location: 2F 3-2: Strikes out swinging
|
Bottom of the 5th over - 0 runs, 0 hits, 0 errors, 1 left on base; Cut Off 0 - Laredo 0 |
TOP OF THE 6TH |
Cut Off Crawdads batting - Pitching for Laredo Hawks : LHP Jeff Vázquez
|
Batting: RHB Alfonso Soto
|
0-0: Ball 1-0: Foul Ball, location: 2F 1-1: Ground out 3-1 (Groundball, 34S, EV 85.0 MPH)
|
Batting: LHB Huub Oerlemans
|
0-0: Ball 1-0: Swinging Strike 1-1: Fly out, F8 (Flyball, 78D, EV 92.5 MPH)
|
Batting: SHB Yuan Mo
|
0-0: Called Strike 0-1: Ball 1-1: Ball 2-1: DOUBLE (Line Drive, 7LS, EV 103.1 MPH)
|
Batting: RHB Umberto Bartelen
|
0-0: Called Strike 0-1: Ball 1-1: Called Strike 1-2: Foul Ball, location: 2F 1-2: Ball 2-2: Strikes out looking
|
Top of the 6th over - 0 runs, 1 hit, 0 errors, 1 left on base; Cut Off 0 - Laredo 0 |
BOTTOM OF THE 6TH |
Laredo Hawks batting - Pitching for Cut Off Crawdads : LHP Sylvain Maire
|
Batting: RHB Chris Gambill
|
0-0: Ball 1-0: Called Strike 1-1: Foul Ball, location: 2F 1-2: Ball 2-2: Ball 3-2: Ground out 4-3 (Groundball, 4, EV 95.0 MPH)
|
Batting: RHB Darren Overton
|
0-0: DOUBLE (Flyball, 78D, EV 99.4 MPH)
|
Batting: RHB Jim Willis
|
0-0: Intentional Walk
|
Batting: RHB Frans Teijer
|
0-0: Called Strike 0-1: Ball 1-1: Foul Ball, location: 2F 1-2: Strikes out swinging
|
Batting: RHB Denny McBride
|
0-0: Called Strike 0-1: Hit by Pitch Darren Overton to third Jim Willis to second
|
Batting: RHB Mibre Chipley
|
0-0: Called Strike 0-1: Fly out, F7 (Line Drive, 7D, EV 90.0 MPH)
|
Bottom of the 6th over - 0 runs, 1 hit, 0 errors, 3 left on base; Cut Off 0 - Laredo 0 |
TOP OF THE 7TH |
Cut Off Crawdads batting - Pitching for Laredo Hawks : LHP Jeff Vázquez
|
Batting: LHB Keng-chi Zhou
|
0-0: Called Strike 0-1: Foul Ball, location: 2F 0-2: Strikes out swinging, 2-3 out at first.
|
Batting: LHB Joseph Vowles
|
0-0: Called Strike 0-1: Ball 1-1: Foul Ball, location: 2F 1-2: Ball 2-2: Ball 3-2: DOUBLE (Flyball, 78XD, EV 99.4 MPH)
|
Batting: LHB Christian Horner
|
0-0: Ground out 4-3 (Groundball, 4, EV 85.6 MPH) Joseph Vowles to third
|
Batting: RHB Pyeong-chu Chong
|
0-0: Called Strike 0-1: Fly out, F8 (Flyball, 89XD, EV 105.0 MPH)
|
Top of the 7th over - 0 runs, 1 hit, 0 errors, 1 left on base; Cut Off 0 - Laredo 0 |
BOTTOM OF THE 7TH |
Laredo Hawks batting - Pitching for Cut Off Crawdads : LHP Sylvain Maire
|
Batting: RHB António López
|
0-0: Called Strike 0-1: Ground out 3-1 (Groundball, 34, EV 105.6 MPH)
|
Pitching: RHP Jerry Gray
|
|
Batting: RHB Yoshitora Okazaki
|
0-0: Swinging Strike 0-1: Foul Ball, location: 2F 0-2: Ball 1-2: Ball 2-2: Ball 3-2: Foul Ball, location: 2F 3-2: Strikes out swinging
|
Batting: SHB Monty Crawford
|
0-0: Called Strike 0-1: Ground out 4-3 (Groundball, 4M, EV 88.1 MPH)
|
Bottom of the 7th over - 0 runs, 0 hits, 0 errors, 0 left on base; Cut Off 0 - Laredo 0 |
TOP OF THE 8TH |
Cut Off Crawdads batting - Pitching for Laredo Hawks : LHP Jeff Vázquez
|
Batting: RHB David Johnston
|
0-0: Called Strike 0-1: Foul Ball, location: 2F 0-2: Ball 1-2: Ball 2-2: Fly out, F8 (Flyball, 89S, EV 87.5 MPH)
|
Batting: RHB Alfonso Soto
|
0-0: Ball 1-0: Fly out, F8 (Flyball, 8LM, EV 86.2 MPH)
|
Batting: LHB Huub Oerlemans
|
0-0: Ball 1-0: Swinging Strike 1-1: Swinging Strike 1-2: Foul Ball, location: 2F 1-2: Ball 2-2: Ball 3-2: Foul Ball, location: 2F 3-2: Foul Ball, location: 2F 3-2: Strikes out swinging
|
Top of the 8th over - 0 runs, 0 hits, 0 errors, 0 left on base; Cut Off 0 - Laredo 0 |
BOTTOM OF THE 8TH |
Laredo Hawks batting - Pitching for Cut Off Crawdads : RHP Jerry Gray
|
Pinch Hitting: LHB Hernando Martínez
|
0-0: Ball 1-0: Ball 2-0: Ball 3-0: Called Strike 3-1: SINGLE (Flyball, 78M, EV 96.9 MPH)
|
Batting: RHB Darren Overton
|
0-0: Ball 1-0: Ball 2-0: Fly out, F7 (Flyball, 78M, EV 78.8 MPH)
|
Batting: RHB Jim Willis
|
0-0: Called Strike 0-1: Called Strike 0-2: Ball 1-2: Foul Ball, location: 2F 1-2: Foul Ball, location: 2F 1-2: Strikes out swinging
|
Batting: RHB Frans Teijer
|
0-0: Called Strike 0-1: Swinging Strike 0-2: Strikes out swinging
|
Bottom of the 8th over - 0 runs, 1 hit, 0 errors, 1 left on base; Cut Off 0 - Laredo 0 |
TOP OF THE 9TH |
Cut Off Crawdads batting - Pitching for Laredo Hawks : LHP Jeff Vázquez
|
Pitching: RHP Silvian Esser
|
|
Now at 1B: Hernando Martínez
|
|
Now at SS: Mibre Chipley
|
|
Batting: SHB Yuan Mo
|
0-0: Ball 1-0: Foul Ball, location: 2F 1-1: Swinging Strike 1-2: Ball 2-2: Ball 3-2: Base on Balls
|
Pitching: RHP Edgard Mendoza
|
|
Pinch Hitting: SHB Dominigo Hewitt
|
0-0: Fly out, F2 (Popup, 2L, EV 95.6 MPH)
|
Batting: LHB Keng-chi Zhou
|
0-0: Ball 1-0: Ball Yuan Mo steals 2nd base 2-0: TRIPLE (Flyball, 89XD, EV 108.8 MPH) Yuan Mo scores
|
Batting: LHB Joseph Vowles
|
0-0: Ball 1-0: Ball 2-0: Foul Ball, location: 2F 2-1: Foul Ball, location: 2F 2-2: SINGLE (Line Drive, 5, EV 96.2 MPH) Keng-chi Zhou scores
|
Batting: LHB Christian Horner
|
0-0: Ball 1-0: Ball 2-0: Grounds out, U3 (Groundball, 3L, EV 107.5 MPH)
|
Batting: RHB Pyeong-chu Chong
|
0-0: Intentional Walk
|
Batting: RHB David Johnston
|
0-0: Called Strike 0-1: Ball 1-1: Swinging Strike 1-2: Ball 2-2: Strikes out swinging
|
Top of the 9th over - 2 runs, 2 hits, 0 errors, 2 left on base; Cut Off 2 - Laredo 0 |
BOTTOM OF THE 9TH |
Laredo Hawks batting - Pitching for Cut Off Crawdads : RHP Jerry Gray
|
Pitching: RHP Jack MacAlonie
|
|
Now at 3B: Alfonso Soto
|
|
Now at SS: Albert Martínez
|
|
Batting: RHB Denny McBride
|
0-0: Called Strike 0-1: Ball 1-1: Ground out 5-3 (Groundball, 56, EV 102.5 MPH)
|
Batting: RHB Mibre Chipley
|
0-0: Ball 1-0: Foul Ball, location: 2F 1-1: Swinging Strike 1-2: Foul Ball, location: 2F 1-2: Foul Ball, location: 2F 1-2: Strikes out swinging
|
Batting: RHB António López
|
0-0: Foul Ball, location: 2F 0-1: Ball 1-1: Ball 2-1: Called Strike 2-2: Foul Ball, location: 2F 2-2: Fly out, F7 (Flyball, 7S, EV 91.2 MPH)
|
Bottom of the 9th over - 0 runs, 0 hits, 0 errors, 0 left on base; Cut Off 2 - Laredo 0 |
|